 Dungeon Crawl Stone Soup version 0.21.1-1-g345015f (webtiles) character file.

4033 letownia2 the Martial Artist (level 10, -1/87 HPs)
             Began as a Merfolk Transmuter on Mar 14, 2018.
             Was an Initiate of Cheibriados.
             Slain by a killer bee (8 damage)
             ... on level 9 of the Dungeon.
             The game lasted 00:24:31 (3539 turns).

letownia2 the Martial Artist (Merfolk Transmuter)   Turns: 3539, Time: 00:24:32

Health: -1/87      AC:  6    Str: 14    XL:     10   Next: 24%
Magic:  8/13       EV: 17    Int: 14    God:    Cheibriados [......]
Gold:   171        SH:  0    Dex: 16    Spells: 3/13 levels left

rFire    x . .     SeeInvis .     - Unarmed
rCold    + + +     Gourm    .   (shield currently unavailable)
rNeg     . . .     Faith    .   (armour currently unavailable)
rPois    +         Spirit   .   (helmet currently unavailable)
rElec    .         Reflect  .   (cloak currently unavailable)
rCorr    .         Harm     .   (gloves currently unavailable)
MR       +....                  (boots currently unavailable)
Stlth    +.........             (no amulet)
HPRegen  0.24/turn              w - +3 ring of evasion
MPRegen  0.13/turn              g - ring of protection from magic

@: lethally poisoned (-1 -> -3), ice-form, drained, very slow
A: large, (change form in water), (swift swim), (stealthy swim)
a: End Transformation, Bend Time, Renounce Religion


You were on level 9 of the Dungeon.
You worshipped Cheibriados.
Cheibriados was noncommittal.
You were not hungry.
You were a creature of crystalline ice.
You visited 2 branches of the dungeon, and saw 11 of its levels.

You collected 267 gold pieces.
You spent 96 gold pieces at shops.

Inventory:

Hand Weapons
 y - a +2 whip of draining
 F - a +0 fustibalus
 L - a +0 halberd
 Q - a +4 quarterstaff of chaos
Missiles
 a - 33 arrows
 m - 6 tomahawks (quivered)
 n - 26 sling bullets
 K - a throwing net
Armour
 f - a +0 leather armour (melded)
 x - a +0 buckler
 H - a +0 pair of boots (melded)
 P - a +2 cloak (melded)
 S - a +2 robe of cold resistance
 W - a +0 scale mail
 X - a +2 buckler
Jewellery
 g - a ring of protection from magic (right front paw)
 s - a +2 ring of protection
 w - a +3 ring of evasion (left front paw)
Wands
 b - a wand of random effects (27)
 t - a wand of enslavement (12)
 z - a wand of digging (24)
Scrolls
 e - 7 scrolls of identify {unknown}
 h - a scroll of blinking {unknown}
 i - 3 scrolls of fog
 o - a scroll of immolation {unknown}
 p - 5 scrolls of remove curse {unknown}
 r - 3 scrolls of teleportation {unknown}
 B - a scroll of noise {unknown}
 D - a scroll of enchant armour {unknown}
 E - a scroll of vulnerability {unknown}
 G - a scroll of random uselessness {unknown}
 N - 2 scrolls of amnesia {unknown}
 R - a scroll of silence {unknown}
 U - 2 scrolls of magic mapping {unknown}
Potions
 j - 3 potions of curing
 k - a potion of haste {unknown}
 l - 3 potions of flight
 q - a potion of heal wounds
 u - 2 potions of experience {unknown}
 v - 2 potions of resistance {unknown}
 A - a potion of cancellation {unknown}
 C - a potion of agility {unknown}
 J - a potion of lignification {unknown}
 M - a potion of invisibility {unknown}
 O - 2 potions of degeneration {unknown}
 T - a potion of ambrosia {unknown}
Books
 c - a book of Changes

   Spells                             Type                      Level
   a - Beastly Appendage              Transmutation                1
   b - Sticks to Snakes               Transmutation                2
   c - Spider Form                    Transmutation/Poison         3
   d - Ice Form                       Ice/Transmutation            4
   e - Blade Hands                    Transmutation                5
 I - a book of Conjurations

   Spells                             Type                      Level
   a - Magic Dart                     Conjuration                  1
   b - Searing Ray                    Conjuration                  2
   c - Dazzling Spray                 Conjuration/Hexes            3
   d - Fulminant Prism                Conjuration/Hexes            4
   e - Force Lance                    Conjuration/Translocation    4
   f - Iskenderun's Mystic Blast      Conjuration                  4
 V - Xudeollee's Disquisition on Cloudy Transformation
   (You found it on level 7 of the Dungeon)

   Spells                             Type                      Level
   a - Shock                          Conjuration/Air              1
   b - Beastly Appendage              Transmutation                1
   c - Ignite Poison                  Fire/Transmutation/Poison    3
   d - Summon Lightning Spire         Summoning/Air                4
   e - Lightning Bolt                 Conjuration/Air              5
   f - Conjure Ball Lightning         Conjuration/Air              6
Comestibles
 d - 12 rations
 Y - 10 chunks of flesh


   Skills:
 - Level 4.4(4.3) Fighting
 - Level 7.2(7.1) Dodging
 + Level 11.7(11.6) Unarmed Combat
 - Level 2.0(1.9) Spellcasting
 - Level 8.0(7.9) Transmutations
 - Level 4.8(4.7) Ice Magic
 - Level 1.2(1.1) Poison Magic


You had 3 spell levels left.
You knew the following spells:

 Your Spells              Type           Power        Failure   Level  Hunger
a - Beastly Appendage     Tmut           ###...       1%          1    ##.....
i - Ice Form              Ice/Tmut       ###.....     17%         4    #####..
l - Sticks to Snakes      Tmut           ###.....     1%          2    ###....
p - Spider Form           Tmut/Pois      ##........   11%         3    ####...


Dungeon Overview and Level Annotations

Branches:
Dungeon (10/15)            Temple (1/1) D:7
   Lair: D:8-11         Orc: D:9-12

Altars:
Ashenzari
Cheibriados
Dithmenos
Elyvilon
Gozag
Kikubaaqudgha
Qazlal
Ru
Sif Muna
Trog
Vehumet
Xom
Yredelemnul

Shops:
D:6 *   D:8 !

Annotations:
D:5 vatarom's ghost, amateur DrCj


Message History

The killer bee buzzes angrily.
You hear an angry buzzing noise. x2
You hear an angry hiss.
You hear an angry buzzing noise. 2 killer bees come into view.
The killer bee stings you.
* * * LOW HITPOINT WARNING * * *
You are poisoned.
The killer bee poisons you! The killer bee misses you. x2
A killer bee comes into view.
Unknown command.
Okay, then.
Okay, then.
Okay, then.
Casting: Spider Form
Confirm with . or Enter, or press ? or * to list all spells.
You turn into a creature of crystalline ice.
Your +2 cloak melds into your body.
Your +0 pair of boots melds into your body.
Your +0 leather armour melds into your body.
You feel sick. The killer bee stings you!
You die...

#.#########...#####
###. #.#
##........## #.#
#............
#.#####
##...####.###
#.....# #.>.# #
#####.# #...####.#
#.# #.)......# #)#
#..#####.# #)# #yY#
#.# #yy# #.# #.y.
#.# #.... #.#
##..## #.# #..# #.#
#..# #.# #..# #.#


You could see 4 killer bees.

Vanquished Creatures
  Erolcha (D:10)
  Grinder (D:4)
  A spriggan (D:10)
  Sigmund (D:4)
  A wyvern (D:10)
  Eustachio (D:6)
  A human (D:10)
  Menkaure (D:7)
  Duvessa (D:7)
  An orc warrior (D:6)
  An ice beast (D:9)
  2 phantoms
  A sky beast (D:5)
  An ogre (D:6)
  3 centaurs
  A big kobold (D:4)
  2 bullfrogs
  Dowan (D:7)
  3 scorpions
  3 wights (D:10)
  2 howler monkeys
  2 crimson imps
  3 orc priests
  2 hounds
  Crazy Yiuf (D:7)
  A bullfrog skeleton (D:4)
  3 orc wizards
  Natasha (thrice) (D:4)
  4 worker ants
  7 gnolls
  5 adders
  2 adder zombies
  4 worms
  2 leopard geckos
  22 orcs
  2 ball pythons
  3 bats
  10 giant cockroaches
  5 goblins
  3 hobgoblins
  6 jackals (D:2)
  2 quokkas
  3 frilled lizards
  4 kobolds
  2 leopard gecko skeletons (D:6)
  A leopard gecko zombie (D:5)
  3 rats
135 creatures vanquished.

Vanquished Creatures (collateral kills)
  An adder (D:4)
  An orc (D:4)
2 creatures vanquished.

Grand Total: 137 creatures vanquished

Notes
Turn   | Place    | Note
-------+----------+-------------------------------------------
     0 | D:1      | letownia2 the Merfolk Transmuter began the quest for the Orb.
     0 | D:1      | Reached XP level 1. HP: 15/15 MP: 3/3
    97 | D:2      | Reached XP level 2. HP: 13/21 MP: 3/5
   110 | D:2      | Learned a level 2 spell: Sticks to Snakes
   318 | D:2      | Reached skill level 4 in Unarmed Combat
   318 | D:2      | Reached XP level 3. HP: 13/26 MP: 4/6
   330 | D:2      | Learned a level 3 spell: Spider Form
   560 | D:3      | Reached skill level 1 in Poison Magic
   615 | D:4      | Noticed Natasha
   621 | D:4      | HP: 1/26 [Natasha/magic dart (9)]
   752 | D:3      | Reached XP level 4. HP: 14/32 MP: 3/7
   779 | D:4      | Noticed Sigmund
   779 | D:4      | Noticed Grinder
   779 | D:4      | Noticed a big kobold
   875 | D:4      | Killed Natasha
   875 | D:4      | Reached skill level 5 in Transmutations
   878 | D:4      | Noticed Natasha
   952 | D:4      | Killed a big kobold
   952 | D:4      | Reached XP level 5. HP: 25/39 MP: 3/8
   990 | D:5      | Entered Level 5 of the Dungeon
  1071 | D:4      | Killed Natasha
  1071 | D:4      | Reached skill level 5 in Unarmed Combat
  1100 | D:4      | Noticed Natasha
  1111 | D:4      | Killed Natasha
  1111 | D:4      | Reached XP level 6. HP: 23/47 MP: 3/9
  1194 | D:4      | Killed Grinder
  1194 | D:4      | Reached skill level 6 in Unarmed Combat
  1194 | D:4      | Reached XP level 7. HP: 42/55 MP: 0/10
  1339 | D:4      | Killed Sigmund
  1339 | D:4      | Reached skill level 7 in Unarmed Combat
  1683 | D:5      | Reached skill level 8 in Unarmed Combat
  1683 | D:5      | Reached XP level 8. HP: 54/61 MP: 7/11
  1732 | D:5      | Reached skill level 9 in Unarmed Combat
  1896 | D:5      | Noticed vatarom's ghost (amateur DrCj)
  1935 | D:4      | Learned a level 4 spell: Ice Form
  2145 | D:5      | Found an ancient bone altar of Kikubaaqudgha.
  2229 | D:6      | Found Ujiev's General Store.
  2233 | D:6      | Bought a scroll of fog for 26 gold pieces
  2242 | D:6      | Noticed Eustachio
  2253 | D:6      | Killed Eustachio
  2253 | D:6      | Reached skill level 10 in Unarmed Combat
  2380 | D:6      | Reached XP level 9. HP: 54/66 MP: 8/12
  2407 | D:6      | Reached skill level 11 in Unarmed Combat
  2797 | D:7      | Noticed Menkaure
  2811 | D:7      | Killed Menkaure
  2843 | D:7      | Found a runed door.
  2849 | D:7      | Noticed Crazy Yiuf
  2856 | D:7      | Killed Crazy Yiuf
  2945 | D:7      | Noticed Duvessa
  2955 | D:7      | Noticed Dowan
  2969 | D:7      | Killed Duvessa
  2969 | D:7      | Reached skill level 1 in Ice Magic
  2970 | D:7      | Killed Dowan
  3037 | D:7      | Identified Xudeollee's Disquisition on Cloudy Transformation
  3041 | D:7      | Found a staircase to the Ecumenical Temple.
  3050 | Temple   | Entered the Ecumenical Temple
  3069 | Temple   | Became a worshipper of Cheibriados the Contemplative
  3110 | D:7      | Found a shadowy altar of Dithmenos.
  3205 | D:8      | Found Xedeiqo's Distillery.
  3205 | D:8      | Noticed a two-headed ogre
  3208 | D:8      | Was placed under penance by Cheibriados
  3211 | D:8      | Bought a potion of heal wounds for 70 gold pieces
  3216 | D:8      | Was forgiven by Cheibriados
  3253 | D:10     | Entered Level 10 of the Dungeon
  3263 | D:10     | Noticed Erolcha
  3267 | D:10     | Reached skill level 5 in Dodging
  3290 | D:10     | Killed Erolcha
  3290 | D:10     | Reached XP level 10. HP: 44/73 MP: 6/13
  3539 | D:9      | Slain by a killer bee

Skill      XL: |  1  2  3  4  5  6  7  8  9 10 |
---------------+-------------------------------+-----
Transmutations | 3 4 5 7 8 |  8.0
Unarmed Combat | 4 5 6 8 10 11 | 11.7
Poison Magic   | 1 |  1.2
Fighting       | 2 3 4 |  4.4
Dodging        | 6 7 |  7.2
Ice Magic      | 4 |  4.8
Spellcasting   | |  2.0

Action                   |  1- 3 |  4- 6 |  7- 9 | 10-12 || total
-------------------------+-------+-------+-------+-------++-------
Melee: Unarmed           |   112 |    57 |   236 |    45 ||   450
       Headbutt          |    15 |       |     1 |       ||    16
       Punch             |     2 |       |     4 |       ||     6
       Tailslap          |     1 |       |       |       ||     1
Throw: Tomahawk          |     9 |     2 |     4 |       ||    15
 Cast: Beastly Appendage |    14 |       |     3 |       ||    17
       Spider Form       |     4 |     9 |    29 |     7 ||    49
       Sticks to Snakes  |       |       |     1 |       ||     1
       Ice Form          |       |       |       |     1 ||     1
Evoke: Wand              |       |     1 |     3 |       ||     4
  Use: Potion            |       |       |     2 |     2 ||     4
 Stab: Sleeping          |       |       |     2 |       ||     2
       Distracted        |       |       |     1 |       ||     1
  Eat: Chunk             |       |     4 |    12 |     3 ||    19
Armor: Robe              |    22 |       |       |       ||    22
       Skin              |     2 |     4 |    13 |       ||    19
       Leather armour    |       |     1 |    16 |     1 ||    18
Dodge: Dodged            |    81 |    60 |   197 |    36 ||   374
